TOP OF THE 1ST |
University of Oklahoma Sooners batting - Pitching for Coastal Carolina University Chanticleers : RHP Jim Eisinger
|
Pitching: RHP Jim Eisinger
|
|
Batting: RHB Ruben Arreola
|
0-0: Ball 1-0: Ball 2-0: Called Strike 2-1: Foul Ball, location: 2F 2-2: Ball 3-2: DOUBLE (Line Drive, 9LM, EV 91.2 MPH)
|
Batting: RHB Estevan Carrillo
|
0-0: Ground out 4-3 (Groundball, 4M, EV 88.1 MPH) Ruben Arreola to third
|
Batting: RHB Danny Hutto
|
0-0: Ball 1-0: Called Strike 1-1: Ball 2-1: Ball 3-1: Foul Ball, location: 2F 3-2: Fly out, F8 (Line Drive, 8LM, EV 100.6 MPH) Runner from 3rd tags up, SCORES, throw by CF
|
Batting: LHB Alex Gutierrez
|
0-0: Ball 1-0: Called Strike 1-1: DOUBLE (Line Drive, 8RXD, EV 105.0 MPH)
|
Batting: SHB Markus Woolridge
|
0-0: Ball 1-0: Ball 2-0: Called Strike 2-1: SINGLE (Groundball, 34D, EV 101.9 MPH) Alex Gutierrez to third Runner from 3rd tries for Home, SAFE, throw by RF to home
|
Batting: RHB Camillo Bonauiti
|
0-0: Ball 1-0: Called Strike 1-1: Fielders Choice at 2nd, 6-4 (Groundball, 56, EV 86.9 MPH)
|
Top of the 1st over - 2 runs, 3 hits, 0 errors, 1 left on base; University of Oklahoma 2 - Coastal Carolina University 0 |
BOTTOM OF THE 1ST |
Coastal Carolina University Chanticleers batting - Pitching for University of Oklahoma Sooners : RHP Tom Gordam
|
Pitching: RHP Tom Gordam
|
|
Batting: RHB Mennad Maalik
|
0-0: Ball 1-0: Ball 2-0: Called Strike 2-1: Swinging Strike 2-2: Ground out 4-3 (Groundball, 4M, EV 99.4 MPH)
|
Batting: RHB Justin Klein
|
0-0: SINGLE (Groundball, 25, EV 70.6 MPH) (infield hit)
|
Batting: RHB Hidemitsu Matsuno
|
0-0: Ball 1-0: Called Strike 1-1: Foul Ball, location: 2F 1-2: Hit by Pitch Justin Klein to second
|
Batting: RHB Ji-an See-to
|
0-0: Called Strike 0-1: Ball 1-1: Swinging Strike 1-2: Fly out, F7 (Line Drive, 7, EV 100.6 MPH)
|
Batting: LHB Jim Unknown
|
0-0: Ball 1-0: Ball 2-0: Ball 3-0: Called Strike 3-1: SINGLE (Groundball, 6D, EV 100.0 MPH) Justin Klein to third Hidemitsu Matsuno to second Runner from 3rd tries for Home, SAFE, throw by LF to home
|
Batting: RHB Vance McDonald
|
0-0: Called Strike 0-1: Ball 1-1: Called Strike 1-2: Strikes out swinging
|
Bottom of the 1st over - 1 run, 2 hits, 0 errors, 2 left on base; University of Oklahoma 2 - Coastal Carolina University 1 |
TOP OF THE 2ND |
University of Oklahoma Sooners batting - Pitching for Coastal Carolina University Chanticleers : RHP Jim Eisinger
|
Batting: RHB Victor Borras
|
0-0: Called Strike 0-1: SINGLE (Groundball, 34D, EV 95.6 MPH)
|
Batting: RHB Jim Unknown
|
0-0: Ground out U3 (Groundball, 3S, EV 71.2 MPH) Victor Borras to second
|
Batting: RHB Jim Unknown
|
0-0: Ball 1-0: Ball 2-0: Ball 3-0: Called Strike 3-1: Called Strike 3-2: Foul Ball, location: 2F 3-2: Ground out 5-3 (Groundball, 56S, EV 88.8 MPH)
|
Batting: RHB Ruben Arreola
|
0-0: Called Strike 0-1: Ball 1-1: Fly out, F6 (Popup, 6, EV 72.5 MPH)
|
Top of the 2nd over - 0 runs, 1 hit, 0 errors, 1 left on base; University of Oklahoma 2 - Coastal Carolina University 1 |
BOTTOM OF THE 2ND |
Coastal Carolina University Chanticleers batting - Pitching for University of Oklahoma Sooners : RHP Tom Gordam
|
Batting: RHB Dennis Bennett
|
0-0: Called Strike 0-1: Ball 1-1: Swinging Strike 1-2: Strikes out swinging
|
Batting: RHB Cody Kafer
|
0-0: Ball 1-0: Ball 2-0: Called Strike 2-1: Ball 3-1: Foul Ball, location: 2F 3-2: Strikes out looking
|
Batting: RHB Chris Marcellus
|
0-0: Foul Ball, location: 2F 0-1: Ball 1-1: Fly out, F9 (Flyball, 9S, EV 88.8 MPH)
|
Bottom of the 2nd over - 0 runs, 0 hits, 0 errors, 0 left on base; University of Oklahoma 2 - Coastal Carolina University 1 |
TOP OF THE 3RD |
University of Oklahoma Sooners batting - Pitching for Coastal Carolina University Chanticleers : RHP Jim Eisinger
|
Batting: RHB Estevan Carrillo
|
0-0: Ground out 1-3 (Groundball, P, EV 74.4 MPH)
|
Batting: RHB Danny Hutto
|
0-0: Called Strike 0-1: Ball 1-1: Foul Ball, location: 2F 1-2: Strikes out swinging
|
Batting: LHB Alex Gutierrez
|
0-0: SINGLE (Groundball, 56S, EV 65.6 MPH) (infield hit)
|
Batting: SHB Markus Woolridge
|
0-0: Ball 1-0: Ball 2-0: Reached on error, E8 (Line Drive, 8RM, EV 99.4 MPH) Alex Gutierrez to third
|
Batting: RHB Camillo Bonauiti
|
0-0: Ball 1-0: Ball 2-0: Ground out 4-3 (Groundball, 4, EV 88.1 MPH)
|
Top of the 3rd over - 0 runs, 1 hit, 1 error, 2 left on base; University of Oklahoma 2 - Coastal Carolina University 1 |
BOTTOM OF THE 3RD |
Coastal Carolina University Chanticleers batting - Pitching for University of Oklahoma Sooners : RHP Tom Gordam
|
Pitching: RHP Doug Hafer
|
|
Batting: RHB Mennad Maalik
|
0-0: Called Strike 0-1: Foul Ball, location: 2F 0-2: Strikes out swinging
|
Batting: RHB Justin Klein
|
0-0: Called Strike 0-1: Ball 1-1: Ball 2-1: Swinging Strike 2-2: Foul Ball, location: 2F 2-2: Ball 3-2: Strikes out swinging
|
Batting: RHB Hidemitsu Matsuno
|
0-0: Ball 1-0: SINGLE (Line Drive, 78S, EV 97.5 MPH)
|
Batting: RHB Ji-an See-to
|
0-0: Called Strike 0-1: Fly out, F9 (Flyball, 9, EV 87.5 MPH)
|
Bottom of the 3rd over - 0 runs, 1 hit, 0 errors, 1 left on base; University of Oklahoma 2 - Coastal Carolina University 1 |
TOP OF THE 4TH |
University of Oklahoma Sooners batting - Pitching for Coastal Carolina University Chanticleers : RHP Jim Eisinger
|
Pitching: RHP Melchior Hartman
|
|
Batting: RHB Victor Borras
|
0-0: Ball 1-0: Foul Ball, location: 2F 1-1: Ball 2-1: Ball 3-1: Base on Balls
|
Batting: RHB Jim Unknown
|
0-0: Ball 1-0: Called Strike 1-1: SINGLE (Groundball, 5D, EV 98.8 MPH) Victor Borras to second
|
Batting: RHB Jim Unknown
|
0-0: Foul Ball, location: 2F 0-1: Called Strike 0-2: Foul Ball, location: 2F 0-2: Ball 1-2: Foul Ball, location: 2F 1-2: Strikes out swinging
|
Batting: RHB Ruben Arreola
|
0-0: Ball 1-0: Ball 2-0: Ball 3-0: Base on Balls Victor Borras to third Jim Unknown to second
|
Batting: RHB Estevan Carrillo
|
0-0: Ball 1-0: Swinging Strike 1-1: Foul Ball, location: 2F 1-2: Ball 2-2: Fly out, F8 (Flyball, 8RS, EV 86.9 MPH)
|
Pitching: RHP Oscar Fajardo
|
|
Batting: RHB Danny Hutto
|
0-0: Ball 1-0: Fly out, F7 (Flyball, 7S, EV 89.4 MPH)
|
Top of the 4th over - 0 runs, 1 hit, 0 errors, 3 left on base; University of Oklahoma 2 - Coastal Carolina University 1 |
BOTTOM OF THE 4TH |
Coastal Carolina University Chanticleers batting - Pitching for University of Oklahoma Sooners : RHP Doug Hafer
|
Batting: LHB Jim Unknown
|
0-0: Ball 1-0: Ball 2-0: Ball 3-0: Called Strike 3-1: Base on Balls
|
Batting: RHB Vance McDonald
|
0-0: Ball 1-0: Called Strike 1-1: Fly out, F9 (Line Drive, 9, EV 92.5 MPH)
|
Batting: RHB Dennis Bennett
|
0-0: Ball 1-0: Fielders Choice at 2nd, 5-4 (Groundball, 5, EV 82.5 MPH)
|
Batting: RHB Cody Kafer
|
0-0: Called Strike 0-1: Ball 1-1: Fly out, F9 (Flyball, 9, EV 80.0 MPH)
|
Bottom of the 4th over - 0 runs, 0 hits, 0 errors, 1 left on base; University of Oklahoma 2 - Coastal Carolina University 1 |
TOP OF THE 5TH |
University of Oklahoma Sooners batting - Pitching for Coastal Carolina University Chanticleers : RHP Oscar Fajardo
|
Batting: LHB Alex Gutierrez
|
0-0: Ball 1-0: Ball 2-0: Foul Ball, location: 2F 2-1: Foul Ball, location: 2F 2-2: Foul Ball, location: 2F 2-2: Ball 3-2: Base on Balls
|
Batting: SHB Markus Woolridge
|
0-0: Ball 1-0: Called Strike 1-1: Swinging Strike 1-2: Fly out, F9 (Flyball, 9LS, EV 80.0 MPH)
|
Batting: RHB Camillo Bonauiti
|
0-0: Called Strike 0-1: DOUBLE (Flyball, 89XD, EV 110.0 MPH) Alex Gutierrez to third
|
Batting: RHB Victor Borras
|
0-0: Ball 1-0: Ground out 6-3 (Groundball, 6, EV 94.4 MPH) Alex Gutierrez scores
|
Batting: RHB Jim Unknown
|
0-0: Foul Ball, location: 2F 0-1: Called Strike 0-2: Foul Ball, location: 2F 0-2: Ball 1-2: Strikes out looking
|
Top of the 5th over - 1 run, 1 hit, 0 errors, 1 left on base; University of Oklahoma 3 - Coastal Carolina University 1 |
BOTTOM OF THE 5TH |
Coastal Carolina University Chanticleers batting - Pitching for University of Oklahoma Sooners : RHP Doug Hafer
|
Batting: RHB Chris Marcellus
|
0-0: Ball 1-0: Ball 2-0: Ball 3-0: Called Strike 3-1: Base on Balls
|
Batting: RHB Mennad Maalik
|
0-0: Ball 1-0: DOUBLE (Line Drive, 78D, EV 109.4 MPH) Chris Marcellus to third
|
Batting: RHB Justin Klein
|
0-0: Called Strike 0-1: SINGLE (Groundball, 6MD, EV 103.8 MPH) Chris Marcellus scores Mennad Maalik to third
|
Batting: RHB Hidemitsu Matsuno
|
0-0: Swinging Strike 0-1: Ball 1-1: Ball 2-1: Ball 3-1: Foul Ball, location: 2F 3-2: Strikes out swinging
|
Pitching: RHP Jim Unknown
|
|
Batting: RHB Ji-an See-to
|
0-0: Ball Justin Klein steals 2nd base 1-0: Fly out, F9 (Flyball, 89S, EV 83.1 MPH)
|
Batting: LHB Jim Unknown
|
0-0: Foul Ball, location: 2F 0-1: Ball 1-1: SINGLE (Line Drive, 6MD, EV 99.4 MPH) Mennad Maalik scores Justin Klein to third Runner from 3rd tries for Home, SAFE, throw by CF to home
|
Batting: RHB Vance McDonald
|
0-0: Foul Ball, location: 2F 0-1: Ball 1-1: Foul Ball, location: 2F 1-2: Ball Wild Pitch! Jim Unknown to second 2-2: 2-RUN HOME RUN (Flyball, 7D, EV 97.5 MPH), Distance : 390 ft
|
Batting: RHB Dennis Bennett
|
0-0: Ball 1-0: Called Strike 1-1: Ball 2-1: Foul Ball, location: 2F 2-2: Foul Ball, location: 2F 2-2: Ball 3-2: Foul Ball, location: 2F 3-2: Foul Ball, location: 2F 3-2: Base on Balls
|
Batting: RHB Cody Kafer
|
0-0: Called Strike 0-1: SINGLE (Groundball, 56, EV 95.6 MPH) (infield hit) Dennis Bennett to second
|
Batting: RHB Chris Marcellus
|
0-0: Ball 1-0: Swinging Strike 1-1: Ball Wild Pitch! Dennis Bennett to third Cody Kafer to second 2-1: Ball 3-1: Base on Balls
|
Batting: RHB Mennad Maalik
|
0-0: Ball 1-0: Foul Ball, location: 2F 1-1: Ball 2-1: Foul Ball, location: 2F 2-2: Foul Ball, location: 2F 2-2: Ball 3-2: Foul Ball, location: 2F 3-2: Base on Balls Dennis Bennett scores Cody Kafer to third Chris Marcellus to second
|
Batting: RHB Justin Klein
|
0-0: Called Strike 0-1: Ball 1-1: Ground out 5-3 (Groundball, 56S, EV 84.4 MPH)
|
Bottom of the 5th over - 6 runs, 5 hits, 0 errors, 3 left on base; University of Oklahoma 3 - Coastal Carolina University 7 |
TOP OF THE 6TH |
University of Oklahoma Sooners batting - Pitching for Coastal Carolina University Chanticleers : RHP Oscar Fajardo
|
Batting: RHB Jim Unknown
|
0-0: Called Strike 0-1: Ball 1-1: Called Strike 1-2: Strikes out looking
|
Batting: RHB Ruben Arreola
|
0-0: Called Strike 0-1: Reached on error, E5 (Groundball, 5S, EV 81.9 MPH)
|
Batting: RHB Estevan Carrillo
|
0-0: Called Strike 0-1: Ball 1-1: Called Strike 1-2: Strikes out looking
|
Pitching: RHP Jim Unknown
|
|
Batting: RHB Danny Hutto
|
0-0: SINGLE (Groundball, 6MD, EV 105.0 MPH) Ruben Arreola to second Runner from 2nd tries for 3rd, SAFE, throw by CF made to third
|
Batting: LHB Alex Gutierrez
|
0-0: SINGLE (Groundball, 4MS, EV 71.2 MPH) (infield hit) Ruben Arreola scores Danny Hutto to second
|
Batting: SHB Markus Woolridge
|
0-0: Ball 1-0: Fly out, F8 (Flyball, 8LM, EV 91.2 MPH)
|
Top of the 6th over - 1 run, 2 hits, 1 error, 2 left on base; University of Oklahoma 4 - Coastal Carolina University 7 |
BOTTOM OF THE 6TH |
Coastal Carolina University Chanticleers batting - Pitching for University of Oklahoma Sooners : RHP Jim Unknown
|
Batting: RHB Hidemitsu Matsuno
|
0-0: Called Strike 0-1: SINGLE (Groundball, 56, EV 106.9 MPH)
|
Batting: RHB Ji-an See-to
|
0-0: Swinging Strike 0-1: Ball 1-1: Fly out, F7 (Line Drive, 7, EV 99.4 MPH)
|
Batting: LHB Jim Unknown
|
0-0: Ball 1-0: Ball 2-0: Foul Ball, location: 2F 2-1: Foul Ball, location: 2F 2-2: Fielders Choice at 2nd, 6-4 (Groundball, 6, EV 88.1 MPH)
|
Batting: RHB Vance McDonald
|
0-0: Called Strike 0-1: Ball 1-1: SINGLE (Groundball, 56D, EV 100.0 MPH) Jim Unknown to second
|
Batting: RHB Dennis Bennett
|
0-0: Ground out 4-3 (Groundball, 4, EV 104.4 MPH)
|
Bottom of the 6th over - 0 runs, 2 hits, 0 errors, 2 left on base; University of Oklahoma 4 - Coastal Carolina University 7 |
TOP OF THE 7TH |
University of Oklahoma Sooners batting - Pitching for Coastal Carolina University Chanticleers : RHP Jim Unknown
|
Batting: RHB Camillo Bonauiti
|
0-0: Called Strike 0-1: Foul Ball, location: 2F 0-2: DOUBLE (Line Drive, 8LD, EV 96.2 MPH)
|
Batting: RHB Victor Borras
|
0-0: Ball 1-0: Ball Passed Ball! Camillo Bonauiti to third 2-0: Ball 3-0: Base on Balls
|
Batting: RHB Jim Unknown
|
0-0: Ball 1-0: Ball 2-0: Ball 3-0: Base on Balls Victor Borras to second
|
Batting: RHB Jim Unknown
|
0-0: Ball 1-0: Called Strike 1-1: Swinging Strike 1-2: SINGLE (Line Drive, 89M, EV 102.5 MPH) Camillo Bonauiti scores Victor Borras to third Jim Unknown to second
|
Batting: RHB Ruben Arreola
|
0-0: Ball 1-0: Ball 2-0: Ball 3-0: Base on Balls Victor Borras scores Jim Unknown to third Jim Unknown to second
|
Batting: RHB Estevan Carrillo
|
0-0: Called Strike 0-1: Called Strike 0-2: Ball 1-2: SINGLE (Groundball, 34, EV 103.8 MPH) Jim Unknown scores Jim Unknown to third Ruben Arreola to second Runner from 3rd tries for Home, SAFE, throw by RF to home
|
Batting: RHB Danny Hutto
|
0-0: Ball 1-0: Fly out, F8 (Flyball, 78D, EV 96.9 MPH)
|
Batting: LHB Alex Gutierrez
|
0-0: Hit by Pitch Ruben Arreola to third Estevan Carrillo to second
|
Batting: SHB Markus Woolridge
|
0-0: Ball 1-0: SINGLE (Line Drive, 4, EV 99.4 MPH) Ruben Arreola scores Estevan Carrillo to third Alex Gutierrez to second
|
Batting: RHB Camillo Bonauiti
|
0-0: Called Strike 0-1: SINGLE (Groundball, P, EV 86.9 MPH) (infield hit) Estevan Carrillo scores Alex Gutierrez to third Markus Woolridge to second
|
Batting: RHB Victor Borras
|
0-0: Foul Ball, location: 2F 0-1: SINGLE (Groundball, 34D, EV 100.0 MPH) Alex Gutierrez scores Markus Woolridge to third Camillo Bonauiti to second
|
Batting: RHB Jim Unknown
|
0-0: Ball 1-0: Ball 2-0: Swinging Strike 2-1: Foul Ball, location: 2F 2-2: Grounds into double play, 2-3 (Groundball, 2L, EV 71.9 MPH)
|
Top of the 7th over - 7 runs, 6 hits, 0 errors, 2 left on base; University of Oklahoma 11 - Coastal Carolina University 7 |
BOTTOM OF THE 7TH |
Coastal Carolina University Chanticleers batting - Pitching for University of Oklahoma Sooners : RHP Jim Unknown
|
Batting: RHB Cody Kafer
|
0-0: Ball 1-0: Called Strike 1-1: Ball 2-1: Foul Ball, location: 2F 2-2: SINGLE (Groundball, 34S, EV 70.0 MPH) (infield hit)
|
Batting: RHB Chris Marcellus
|
0-0: Fly out, F8 (Line Drive, 8RD, EV 95.0 MPH)
|
Batting: RHB Mennad Maalik
|
0-0: Called Strike 0-1: Called Strike 0-2: Ball 1-2: Foul Ball, location: 2F 1-2: Ball 2-2: Ball 3-2: Fielders Choice at 2nd, 1-6 (Groundball, 13S, EV 68.1 MPH)
|
Batting: RHB Justin Klein
|
0-0: Foul Ball, location: 2F 0-1: TRIPLE (Flyball, 78XD, EV 106.2 MPH) Mennad Maalik scores
|
Pitching: RHP Jim Unknown
|
|
Batting: RHB Hidemitsu Matsuno
|
0-0: Ball 1-0: Foul Ball, location: 2F 1-1: Hit by Pitch
|
Batting: RHB Ji-an See-to
|
0-0: Foul Ball, location: 2F 0-1: Ball 1-1: Called Strike 1-2: Ball 2-2: Foul Ball, location: 2F 2-2: Ball 3-2: Base on Balls Hidemitsu Matsuno to second
|
Batting: LHB Jim Unknown
|
0-0: Fielders Choice at 2nd, U6 (Groundball, 6M, EV 81.9 MPH)
|
Bottom of the 7th over - 1 run, 2 hits, 0 errors, 3 left on base; University of Oklahoma 11 - Coastal Carolina University 8 |
TOP OF THE 8TH |
University of Oklahoma Sooners batting - Pitching for Coastal Carolina University Chanticleers : RHP Jim Unknown
|
Pitching: LHP Jim Unknown
|
|
Batting: RHB Jim Unknown
|
0-0: Called Strike 0-1: Fly out, F6 (Popup, 6S, EV 65.0 MPH)
|
Batting: RHB Ruben Arreola
|
0-0: SOLO HOME RUN (Line Drive, 7D, EV 99.4 MPH), Distance : 383 ft
|
Batting: RHB Estevan Carrillo
|
0-0: Called Strike 0-1: Ball 1-1: Swinging Strike 1-2: Ball 2-2: Ground out 5-3 (Groundball, 56, EV 90.0 MPH)
|
Batting: RHB Danny Hutto
|
0-0: Called Strike 0-1: Ball 1-1: Ball 2-1: Ground out 4-3 (Groundball, 4, EV 82.5 MPH)
|
Top of the 8th over - 1 run, 1 hit, 0 errors, 0 left on base; University of Oklahoma 12 - Coastal Carolina University 8 |
BOTTOM OF THE 8TH |
Coastal Carolina University Chanticleers batting - Pitching for University of Oklahoma Sooners : RHP Jim Unknown
|
Batting: RHB Vance McDonald
|
0-0: Ball 1-0: Swinging Strike 1-1: Ball 2-1: Fly out, F7 (Flyball, 7D, EV 104.4 MPH)
|
Pinch Hitting: RHB Cruz Castro
|
0-0: Ball 1-0: Ground out 2-3 (Groundball, 2R, EV 70.0 MPH)
|
Batting: RHB Cody Kafer
|
0-0: Ball 1-0: DOUBLE (Line Drive, 3D, EV 100.6 MPH)
|
Batting: RHB Chris Marcellus
|
0-0: Ball 1-0: Ball 2-0: Ball 3-0: Swinging Strike 3-1: Base on Balls
|
Batting: RHB Mennad Maalik
|
0-0: Foul Ball, location: 2F 0-1: Ball 1-1: Swinging Strike 1-2: Fielders Choice at 2nd, 6-4 (Groundball, 6, EV 85.6 MPH)
|
Bottom of the 8th over - 0 runs, 1 hit, 0 errors, 2 left on base; University of Oklahoma 12 - Coastal Carolina University 8 |
TOP OF THE 9TH |
University of Oklahoma Sooners batting - Pitching for Coastal Carolina University Chanticleers : LHP Jim Unknown
|
Now at 2B: Cruz Castro
|
|
Batting: LHB Alex Gutierrez
|
0-0: Called Strike 0-1: Fly out, F8 (Line Drive, 8RD, EV 91.9 MPH)
|
Batting: SHB Markus Woolridge
|
0-0: Ball 1-0: Ground out 5-3 (Groundball, 56, EV 103.1 MPH)
|
Batting: RHB Camillo Bonauiti
|
0-0: Called Strike 0-1: Ball 1-1: Fly out, F9 (Flyball, 89D, EV 108.1 MPH)
|
Top of the 9th over - 0 runs, 0 hits, 0 errors, 0 left on base; University of Oklahoma 12 - Coastal Carolina University 8 |
BOTTOM OF THE 9TH |
Coastal Carolina University Chanticleers batting - Pitching for University of Oklahoma Sooners : RHP Jim Unknown
|
Batting: RHB Justin Klein
|
0-0: Ball 1-0: Ball 2-0: Ground out 5-3 (Groundball, 5, EV 100.0 MPH)
|
Batting: RHB Hidemitsu Matsuno
|
0-0: Ball 1-0: Called Strike 1-1: Fly out, F8 (Line Drive, 8LM, EV 93.1 MPH)
|
Batting: RHB Ji-an See-to
|
0-0: Called Strike 0-1: Swinging Strike 0-2: Ball 1-2: Ground out 5-3 (Groundball, 5, EV 102.5 MPH)
|
Bottom of the 9th over - 0 runs, 0 hits, 0 errors, 0 left on base; University of Oklahoma 12 - Coastal Carolina University 8 |
|